 Dungeon Crawl Stone Soup version 0.26-a0-1147-g3780a7a11b (webtiles) character file.

Game seed: 7843775249555071222

10292 pkoi the Grappler (level 11, -1/95 HPs)
             Began as a Minotaur Fighter on Dec 23, 2020.
             Was an Elder of Makhleb.
             Slain by a komodo dragon (22 damage)
             ... on level 1 of the Lair of Beasts.
             The game lasted 00:12:50 (11216 turns).

pkoi the Grappler (Minotaur Fighter)               Turns: 11216, Time: 00:12:50

Health: -1/95      AC: 11    Str: 24    XL:     11   Next: 34%
Magic:  16/16      EV:  8    Int:  5    God:    Makhleb [****..]
Gold:   950        SH: 12    Dex: 10    Spells: 10/10 levels left

rFire    + . .     SeeInvis .     - Unarmed
rCold    . . .     Faith    .   l - +1 kite shield
rNeg     . . .     Spirit   .   c - +0 scale mail {rF+}
rPois    .         Reflect  .   (helmet restricted)
rElec    .         Harm     .   (no cloak)
rCorr    +         Rampage  .   a - +1 pair of gloves
Will     +....                  F - +0 pair of boots
Stlth    ..........             k - amulet of regeneration
HPRegen  0.65/turn              E - ring of willpower
MPRegen  0.15/turn              u - ring of resist corrosion

@: no status effects
A: retaliatory headbutt, horns 2
a: Renounce Religion, Minor Destruction, Lesser Servant of Makhleb, Major
Destruction


You were on level 1 of the Lair of Beasts.
You worshipped Makhleb.
Makhleb was greatly pleased with you.
You visited 2 branches of the dungeon, and saw 11 of its levels.
You also visited: Sewer.

You collected 950 gold pieces.

Inventory:

Hand Weapons
 b - a +4 hunting sling
Missiles
 m - 7 sling bullets
Armour
 a - a +1 pair of gloves (worn)
 c - a +0 scale mail of fire resistance (worn)
 l - a +1 kite shield (worn)
 F - a +0 pair of boots (worn)
Jewellery
 f - an uncursed ring of wizardry
 k - an amulet of regeneration (around neck)
 u - a ring of resist corrosion (right hand)
 E - a ring of willpower (left hand)
Wands
 r - a wand of disintegration (13)
 y - a wand of acid (4)
 C - a wand of random effects (35)
 D - a wand of flame (57)
 G - a wand of digging (8)
Scrolls
 d - a scroll of amnesia
 g - 3 scrolls of blinking
 i - 6 scrolls of remove curse
 j - 2 scrolls of enchant weapon
 n - 4 scrolls of fear
 p - 2 scrolls of magic mapping
 s - 7 scrolls of immolation
 t - a scroll of fog
 x - 2 scrolls of teleportation
 z - 9 scrolls of identify
Potions
 e - a potion of might
 h - a potion of invisibility {unknown}
 o - a potion of heal wounds
 q - 2 potions of magic {unknown}
 v - 3 potions of flight {unknown}
 w - 6 potions of curing {unknown}
 A - 3 potions of lignification {unknown}
 B - 3 potions of ambrosia


   Skills:
 + Level 8.3 Fighting
 + Level 7.4 Slings
 + Level 8.2 Armour
 + Level 8.2 Shields
 + Level 10.7 Unarmed Combat
 + Level 8.4 Invocations


You had 10 spell levels left.
You didn't know any spells.
Your spell library contained the following spells:

 Spells                   Type           Power        Failure   Level
 Corona                   Hex            0%           95%         1
 Shock                    Conj/Air       0%           95%         1
 Slow                     Hex            0%           99%         2
 Swiftness                Air            0%           99%         2
 Inner Flame              Hex/Fire       0%           100%        3
 Portal Projectile        Hex/Tloc       0%           100%        3
 Static Discharge         Conj/Air       0%           100%        3
 Airstrike                Air            0%           100%        4
 Cause Fear               Hex            0%           100%        4
 Leda's Liquefaction      Hex/Erth       0%           100%        4
 Lightning Bolt           Conj/Air       0%           100%        5


Dungeon Overview and Level Annotations

Branches:
Dungeon (10/15)            Temple (0/1) D:4            Lair (1/6) D:9
    Orc (0/2) D:10          Sewer (visited)

Altars:
Ashenzari
Elyvilon
Fedhas
Gozag
Kikubaaqudgha
Makhleb
Nemelex Xobeh
Okawaru
Sif Muna
Wu Jian


Innate Abilities, Weirdness & Mutations

You reflexively headbutt those who attack you in melee.
You have a pair of horns on your head.


Message History

You are too injured to fight recklessly!
You are too injured to fight recklessly!
You are too injured to fight recklessly!
You are too injured to fight recklessly!
You are too injured to fight recklessly!
You are too injured to fight recklessly!
You are too injured to fight recklessly!
You are too injured to fight recklessly!
You are too injured to fight recklessly!
You are too injured to fight recklessly!
You are too injured to fight recklessly!
You are too injured to fight recklessly!
You closely miss the komodo dragon. You headbutt the komodo dragon.
The komodo dragon is almost dead.
The komodo dragon bites you!
* * * LOW HITPOINT WARNING * * *
You completely miss the komodo dragon.
The komodo dragon is almost dead.
The komodo dragon bites you!!
You die...

.♣ ♣♣♣...♣
♣♣li...♣
♣♣@♣ ♣.♣♣
♣.♣♣ ♣..♣♣
♣♣♣.♣ ♣♣.♣♣♣
♣♣♣....♣♣
♣...♣♣..♣
♣♣♣♣.♣♣♣♣[♣♣


You could see a komodo dragon and a spriggan.

Vanquished Creatures
  Erolcha (D:9)
  A hydra (Lair:1)
  2 death yaks
  Pikel (D:4)
  Sigmund (D:6)
  3 spriggans (Lair:1)
  A wraith (D:8)
  A basilisk (Lair:1)
  4 water moccasins
  6 orc warriors
  Duvessa (D:4)
  Purgy (Sewer)
  A phantom (D:5)
  2 ice beasts
  An ogre (D:4)
  5 sky beasts
  A black bear (D:7)
  A necrophage (D:8)
  4 centaurs
  6 bullfrogs
  Dowan (D:4)
  9 killer bees (D:9)
  10 wights (D:7)
  3 centaur zombies
  2 bullfrog zombies
  A quasit (D:10)
  4 hounds
  3 jellies
  4 orc priests
  4 centaur skeletons
  4 hell rats (D:9)
  3 iguanas
  13 orc wizards
  3 worker ants
  Terence (D:3)
  A killer bee zombie (D:7)
  17 adders
  15 gnolls
  A river rat (D:4)
  A shadow imp (D:9)
  5 white imps
  4 ufetubi
  An ooze (D:1)
  An adder skeleton (D:8)
  3 worms
  6 dart slugs
  3 leopard geckos
  37 orcs
  6 bats
  9 giant cockroaches
  8 goblins
  12 hobgoblins
  14 jackals
  6 kobolds
  9 quokkas
  A ball python (D:4)
  16 frilled lizards
  A quokka skeleton (D:8)
  11 rats
297 creatures vanquished.

Vanquished Creatures (collateral kills)
  A death yak (D:8)
  A cane toad (Lair:1)
  A water moccasin (Lair:1)
  A bullfrog (Lair:1)
  A killer bee (D:9)
  An orc wizard (D:10)
  An orc priest (D:10)
  5 orcs (D:10)
12 creatures vanquished.

Grand Total: 309 creatures vanquished

Notes
Turn   | Place    | Note
-------+----------+-------------------------------------------
     0 | D:1      | pkoi the Minotaur Fighter began the quest for the Orb.
     0 | D:1      | Reached XP level 1. HP: 19/19 MP: 0/0
   214 | D:1      | Reached skill level 3 in Unarmed Combat
   240 | D:1      | Reached XP level 2. HP: 23/26 MP: 1/1
   549 | D:1      | Reached XP level 3. HP: 29/31 MP: 2/2
   571 | D:1      | Reached skill level 4 in Unarmed Combat
   921 | D:2      | Found a burning altar of Makhleb.
  1321 | D:2      | Reached XP level 4. HP: 38/39 MP: 3/3
  1458 | D:2      | Reached skill level 1 in Slings
  1647 | D:2      | Noticed a water moccasin
  1656 | D:2      | Killed a water moccasin
  1657 | D:2      | Reached skill level 5 in Unarmed Combat
  1657 | D:2      | Reached XP level 5. HP: 39/45 MP: 4/4
  1943 | D:2      | Became a worshipper of Makhleb the Destroyer
  2064 | D:3      | Noticed Terence
  2082 | D:3      | Killed Terence
  2310 | D:3      | Reached XP level 6. HP: 46/51 MP: 5/5
  2372 | D:3      | Reached skill level 6 in Unarmed Combat
  2372 | D:3      | Reached skill level 1 in Invocations
  2646 | D:3      | Reached * piety under Makhleb
  3013 | D:3      | Found an opulent altar of Gozag.
  3135 | D:4      | Found a glowing drain.
  3145 | Sewer    | Entered a sewer
  3176 | Sewer    | Noticed Purgy
  3190 | Sewer    | Killed Purgy
  3191 | Sewer    | Reached XP level 7. HP: 52/57 MP: 6/8
  3576 | D:4      | Found a staircase to the Ecumenical Temple.
  3657 | D:4      | Noticed Dowan
  3663 | D:4      | Killed Dowan
  3664 | D:4      | Reached skill level 7 in Unarmed Combat
  3678 | D:4      | Noticed Duvessa
  3706 | D:4      | Killed Duvessa
  3994 | D:4      | Noticed Pikel
  4008 | D:4      | Killed Pikel
  4009 | D:4      | Reached skill level 8 in Unarmed Combat
  4009 | D:4      | Reached skill level 5 in Invocations
  4009 | D:4      | Reached XP level 8. HP: 64/64 MP: 9/11
  4288 | D:5      | Entered Level 5 of the Dungeon
  4392 | D:5      | Reached ** piety under Makhleb
  4724 | D:5      | Found a shimmering blue altar of Sif Muna.
  5178 | D:6      | Noticed Sigmund
  5194 | D:6      | Reached XP level 9. HP: 72/72 MP: 12/12
  5641 | D:6      | Killed Sigmund
  5642 | D:6      | Reached skill level 9 in Unarmed Combat
  5737 | D:6      | Reached skill level 5 in Armour
  5813 | D:6      | Reached skill level 5 in Fighting
  6162 | D:7      | Reached skill level 5 in Shields
  6383 | D:7      | Found the +8 trident of the Octopus King {venom, rElec
                  | rPois Will+}
  6483 | D:7      | Reached skill level 5 in Slings
  6809 | D:7      | Found a blossoming altar of Fedhas.
  7005 | D:8      | Reached *** piety under Makhleb
  7493 | D:8      | Found an iron altar of Okawaru.
  7609 | D:8      | Reached XP level 10. HP: 84/84 MP: 14/14
  7826 | D:8      | Found an ancient bone altar of Kikubaaqudgha.
  7826 | D:8      | Found an ornate altar of the Wu Jian Council.
  7936 | D:8      | Found a white marble altar of Elyvilon.
  8493 | D:9      | Found a staircase to the Lair.
  8493 | D:9      | Noticed a death yak
  8493 | D:9      | Noticed a death yak
  8554 | D:9      | Noticed a death yak
  8566 | D:8      | Killed a death yak
  8567 | D:8      | Reached skill level 10 in Unarmed Combat
  8767 | D:8      | Killed a death yak
  8791 | D:9      | Killed a death yak
  8967 | D:9      | Found a sparkling altar of Nemelex Xobeh.
  9095 | D:9      | Found a broken altar of Ashenzari.
  9302 | D:9      | Noticed Erolcha
  9313 | D:9      | Killed Erolcha
  9534 | D:9      | Reached **** piety under Makhleb
  9640 | D:9      | Reached XP level 11. HP: 89/94 MP: 16/16
  9717 | D:10     | Entered Level 10 of the Dungeon
 10253 | D:10     | Found a staircase to the Orcish Mines.
 10845 | Lair:1   | Entered Level 1 of the Lair of Beasts
 10872 | Lair:1   | Noticed a six-headed hydra
 10887 | Lair:1   | Killed a six-headed hydra
 11216 | Lair:1   | Slain by a komodo dragon

Illustrated notes

Levels and vault maps discovered:
D:1:      wheals_arrival_linesprint, layout_basic
D:2:      layout_loops_ring, general_overflow_altar
D:3:      layout_basic, lemuel_coloured_pillars_altar, uniq_terence
D:4:      layout_loops_ring, minmay_temple_entry_ruins, portal_sewer_entry_b,
          uniq_pikel, uniq_duvessa
D:5:      layout_basic, led_sif_book
D:6:      layout_loops_ring, uniq_sigmund
D:7:      layout_basic, kennysheep_little_box
D:8:      layout_basic, kennysheep_mini_moat, nicolae_overflow_hidden_temple,
          grunt_temple_overflow_open
D:9:      layout_basic, marbit_many_paths, nemelex_xobeh_ov_fountains_minmay,
          dpeg_lair_monsters, uniq_erolcha
D:10:     layout_grid_maze, david_orc_4, nicolae_straight_to_the_point
Lair:1:   kb_forest_paths, layout_cave_pods, uniq_erica

Skill      XL: |  1  2  3  4  5  6  7  8  9 10 11 |
---------------+----------------------------------+-----
Unarmed Combat | 3 4 5 6 8 9 10 | 10.7
Slings         | 2 3 4 5 6 7 |  7.4
Invocations    | 2 5 6 7 8 |  8.4
Fighting       | 4 6 7 8 |  8.3
Armour         | 4 6 7 8 |  8.2
Shields        | 4 6 7 8 |  8.2

Action                   |  1- 3 |  4- 6 |  7- 9 | 10-12 || total
-------------------------+-------+-------+-------+-------++-------
Melee: Unarmed           |    94 |   171 |   354 |   354 ||   973
       Headbutt          |    11 |    23 |    63 |    67 ||   164
 Fire: Hunting sling     |     7 |    58 |    55 |    11 ||   131
Invok: Lesser Servant of |       |       |       |     6 ||     6
Evoke: Wand              |       |       |     9 |       ||     9
  Use: Potion            |       |     6 |     1 |       ||     7
       Scroll            |       |     3 |    10 |       ||    13
 Stab: Distracted        |       |       |       |     2 ||     2
Armor: Scale mail        |    26 |    67 |   103 |   118 ||   314
Dodge: Dodged            |    12 |    36 |    85 |    85 ||   218
Block: Kite shield       |    40 |    78 |   162 |   212 ||   492

Table legend: (Time is in decaauts)
 A = Elapsed time spent in this place.
 B = Non-inter-level travel time spent in this place.
 C = Inter-level travel time spent in this place.
 D = Time resting spent in this place.
 E = Time spent auto-exploring this place.
 F = Levels seen in this place.
 G = Mean time per level.
                   A        B        C        D        E       F      G
               +--------+--------+--------+--------+--------+-----+--------+
         Total |  11161 |  10654 |    507 |   1421 |   7172 |  12 |  930.1 |
       Dungeon |  10590 |  10083 |    507 |   1286 |   6916 |  10 | 1059.0 |
          Lair |    359 |    359 |      0 |    135 |    142 |   1 |  359.0 |
         Sewer |    212 |    212 |      0 |      0 |    114 |   1 |  212.0 |
               +--------+--------+--------+--------+--------+-----+--------+

Top non-repeatable levels by time:
     D:8: 1587 daAuts
     D:5: 1217 daAuts
     D:3: 1149 daAuts
     D:9: 1125 daAuts
    D:10: 1093 daAuts
     D:4: 1024 daAuts
     D:1: 1001 daAuts
     D:2: 943 daAuts
     D:7: 857 daAuts
     D:6: 591 daAuts
  Lair:1: 359 daAuts
   Sewer: 212 daAuts
